 Dungeon Crawl Stone Soup version 0.31-a0-963-ga325b2283a (webtiles) character file.

Game seed: 7389849254378749351

914 senseless the Trooper (level 7, -2/60 HPs)
             Began as a Demigod Fighter on Oct 24, 2023.
             Slain by an ogre
             ... wielding a +0 giant club
              (8 damage)
             ... on level 5 of the Dungeon.
             The game lasted 00:07:14 (4065 turns).

senseless the Trooper (Demigod Fighter)             Turns: 4065, Time: 00:07:15

Health: -2/60      AC:  0    Str: 25    XL:     7   Next: 52%
Magic:  0/9        EV:  9    Int: 10    God:
Gold:   220        SH:  7    Dex: 19    Spells: 6/6 levels left

rFire   + . .        a - +0 war axe
rCold   + + .        c - +1 buckler
rNeg    . . .        b - +0 scale mail
rPois   +            (no helmet)
rElec   +            (no cloak)
rCorr   +            (no gloves)
SInv    .            (no boots)
Will    .....        p - amulet of guardian spirit Stlth
                     f - ring of protection from cold
HPRegen 0.30/turn    e - +6 ring of dexterity
MPRegen 0.11/turn

%: guardian spirit
@: mighty, resistant, corroded, attractive
A: high MP 1, forlorn, divine attributes
a: no special abilities


You were on level 5 of the Dungeon.
You visited 1 branch of the dungeon, and saw 5 of its levels.

You collected 220 gold pieces.

Inventory:

Hand Weapons
 a - a +0 war axe (weapon)
 h - the +8 dagger "Orb Guardian's Curse" {drain, *Corrode Fly Dex+4}
   (You found it on level 2 of the Dungeon)

   Dex+4:     It affects your dexterity (+4).
   Fly:       It grants you flight.
   *Corrode:  It may corrode you when you take damage.
 r - a +4 dagger
Missiles
 o - 2 atropa-tipped darts
Armour
 b - a +0 scale mail (worn)
 c - a +1 buckler (worn)
Jewellery
 e - a +6 ring of dexterity (right hand)
 f - a ring of protection from cold (left hand)
 p - an amulet of guardian spirit (around neck)
Wands
 m - a wand of light (6) (quivered)
 q - a wand of charming (9)
Potions
 d - a potion of might
 g - a potion of mutation {unknown}
 i - 2 potions of attraction
 j - 2 potions of brilliance
 k - a potion of resistance
 l - a potion of lignification {unknown}
 n - 2 potions of curing {unknown}


   Skills:
 + Level 4.9 Fighting
 + Level 4.3 Axes
 + Level 4.9 Armour
 + Level 4.8 Shields


You had 6 spell levels left.
You didn't know any spells.
Your spell library contained the following spells:

 Spells                   Type           Power      Damage    Failure   Level
 Lesser Beckoning         Tloc           0%         N/A       83%         2
 Gell's Gravitas          Tloc           0%         N/A       97%         3
 Teleport Other           Tloc           0%         N/A       97%         3


Dungeon Overview and Level Annotations

Branches:
Dungeon (5/15)
 Temple: D:4-7


Innate Abilities, Weirdness & Mutations

You have an increased reservoir of magic. (+10% MP)
You shall have no god before yourself.
Your divine heritage dramatically boosts your attributes as you level up.


Message History

The adder is severely wounded.
You hit the gnoll but do no damage. The adder bites you.
You are poisoned.
The adder poisons you! The gnoll misses you. The adder barely misses you.
You completely miss the adder.
The adder is severely wounded.
You slash the gnoll!
You feel sick. The adder barely misses you. The gnoll hits you with a +0 club!
You block the adder's attack.
You are too injured to fight recklessly!
You are too injured to fight recklessly!
You are too injured to fight recklessly!
You are too injured to fight recklessly!
You are too injured to fight recklessly!
Okay, then.
Okay, then.
The air fills with toxic fumes!
As you read the scroll of poison, it crumbles to dust.
You feel sick. The gnoll hits you with a +0 club. The adder barely misses you.
You feel protected.
You feel sick. The gnoll hits you with a +0 club.
You feel very mighty all of a sudden.
You feel sick. The gnoll closely misses you.
You slash the ogre!
The ogre is moderately wounded.
You hit the gnoll.
You kill the gnoll!
You feel sick.
You are no longer poisoned.
You block the ogre's attack. The adder barely misses you.
You hit the ogre.
The ogre is heavily wounded.
You slash the adder!
You kill the adder!
The ogre hits you with a +0 giant club!!
* * * LOW HITPOINT WARNING * * *
Unknown command.
It was a potion of attraction.
You feel attractive to monsters. The sleepcap barely misses you.
The ogre hits you with a +0 giant club!
You die...

#......#
#.#.#.#.#
##§§§§..#
#.#.....#
#☼§§§§..#
#...#.###
#§§§☼####
#...#.....
#§§§§#
.....######.
#§§§☼#
#.#.....
#☼§☼☼#
#####.
#§§§§# ..
#☼☼§@# ..
#☼☼fO# ..#
##§§..
#§☼§§§
#§§§§§§
☼§§§§§§§
#§§§§§§§§#
#§§☼§§§☼§§


You could see an ogre and a sleepcap.

Vanquished Creatures
  Menkaure (D:5)
  An ice beast (D:5)
  A gnoll sergeant (D:5)
  A vampire bat (D:3)
  2 howler monkeys (D:5)
  A jelly (D:5)
  An orc priest (D:4)
  Natasha (twice) (D:2)
  4 iguanas
  2 orc wizards (D:3)
  4 gnolls (D:5)
  7 adders
  A worm (D:2)
  A dart slug (D:1)
  3 fire bats (D:3)
  9 orcs
  2 spectral bats (D:3)
  5 ball pythons
  11 bats
  A bat simulacrum (D:3)
  3 bat skeletons (D:3)
  A bat zombie (D:3)
  5 endoplasms
  4 giant cockroaches
  6 goblins
  8 hobgoblins
  2 jackals (D:5)
  3 quokkas
  4 frilled lizards
  7 kobolds
  6 rats
109 creatures vanquished.

Notes
Turn   | Place    | Note
-------+----------+-------------------------------------------
     0 | D:1      | senseless the Demigod Fighter began the quest for the Orb.
     0 | D:1      | Reached XP level 1. HP: 18/18 MP: 3/3
   127 | D:1      | Reached XP level 2. HP: 25/25 MP: 4/4
   659 | D:2      | Identified the +8 dagger "Orb Guardian's Curse" {drain,
                  | *Corrode Fly Dex+4}
   754 | D:2      | Reached XP level 3. HP: 31/31 MP: 5/5
   776 | D:2      | Noticed Natasha
   788 | D:2      | Killed Natasha
  1096 | D:2      | Noticed Natasha
  1106 | D:2      | Killed Natasha
  1107 | D:2      | Reached XP level 4. HP: 22/38 MP: 6/6
  1468 | D:3      | Reached XP level 5. HP: 45/45 MP: 7/7
  2128 | D:3      | Reached XP level 6. HP: 41/52 MP: 4/8
  3097 | D:5      | Entered Level 5 of the Dungeon
  3355 | D:5      | Noticed Menkaure
  3365 | D:5      | Killed Menkaure
  3366 | D:5      | Reached XP level 7. HP: 23/60 MP: 2/9
  4065 | D:5      | Slain by an ogre

Illustrated notes

Levels and vault maps discovered:
D:1:      giann_forest_graveyard, layout_basic, minmay_tromino_v7
D:2:      layout_basic, hellmonk_ecumenical_altar_pennies_from_heaven,
          minmay_3d_cube, uniq_natasha
D:3:      minmay_inner_zag, layout_loops_ring, gammafunk_temple_overflow_pools,
          goddamned_bats
D:4:      layout_loops_ring, kennysheep_generic_room_3
D:5:      layout_basic, tgw_fedhas, st_stairs_10, uniq_menkaure, uniq_ijyb

Skill      XL: |  1  2  3  4  5  6  7 |
---------------+----------------------+-----
Axes           | 2 3 4 |  4.3
Shields        | 3 4 |  4.8
Armour         | 3 4 |  4.9
Fighting       | 3 4 |  4.9

Action                     |  1- 3 |  4- 6 |  7- 9 || total
---------------------------+-------+-------+-------++-------
  Melee: War axe           |   113 |   173 |    64 ||   350
  Evoke: Wand              |       |     1 |       ||     1
    Use: Scroll            |     3 |     6 |     1 ||    10
         Potion            |       |       |     3 ||     3
 Armour: Scale mail        |    69 |   151 |    51 ||   271
  Dodge: Dodged            |    62 |    94 |    24 ||   180
  Block: Buckler           |    22 |    60 |    25 ||   107

Table legend: (Time is in decaauts)
 A = Elapsed time spent in this place.
 B = Non-inter-level travel time spent in this place.
 C = Inter-level travel time spent in this place.
 D = Time resting spent in this place.
 E = Time spent auto-exploring this place.
 F = Levels seen in this place.
 G = Mean time per level.
                   A        B        C        D        E       F      G
               +--------+--------+--------+--------+--------+-----+--------+
         Total |   4208 |   4041 |    167 |    412 |   2824 |   5 |  841.6 |
       Dungeon |   4208 |   4041 |    167 |    412 |   2824 |   5 |  841.6 |
               +--------+--------+--------+--------+--------+-----+--------+

Top non-repeatable levels by time:
     D:3: 1218 daAuts
     D:4: 901 daAuts
     D:5: 851 daAuts
     D:2: 722 daAuts
     D:1: 513 daAuts
